 Dungeon Crawl Stone Soup version 0.24.0-13-gcf9b3192b9 (webtiles) character file.

Game seed: 11479241135995809517, levelgen mode: deterministic

285 Hybris the Insei (level 6, -21/51 HPs)
             Began as a Naga Transmuter on Nov 6, 2019.
             Demolished by an orc warrior
             ... wielding a +0 glaive
              (25 damage)
             ... on level 4 of the Dungeon.
             The game lasted 00:19:13 (4342 turns).

Hybris the Insei (Naga Transmuter)                  Turns: 4342, Time: 00:19:14

Health: -21/51     AC:  2    Str: 12    XL:     6   Next: 29%
Magic:  2/9        EV: 19    Int: 14    God:
Gold:   171        SH:  0    Dex: 18    Spells: 5/9 levels left

rFire    . . .     SeeInvis +     - Unarmed
rCold    . . .     Gourm    .   (shield currently unavailable)
rNeg     . . .     Faith    .   (armour currently unavailable)
rPois    x         Spirit   .   (helmet currently unavailable)
rElec    .         Reflect  .   (cloak currently unavailable)
rCorr    .         Harm     .   (gloves currently unavailable)
MR       .....                  (no barding)
Stlth    +++.......             t - amulet of the acrobat
HPRegen  0.17/turn              v - ring of stealth
MPRegen  0.11/turn              (no ring)

@: spider-form (expiring), very slightly contaminated
A: tiny, see invisible, slow metabolism 1, spit poison 1, AC +2
a: Spit Poison, End Transformation


You were on level 4 of the Dungeon.
You were hungry.
You were a venomous arachnid creature.
You visited 1 branch of the dungeon, and saw 4 of its levels.

You collected 171 gold pieces.

Inventory:

Hand Weapons
 m - a +2 short sword of electrocution (melded)
Missiles
 a - 48 arrows
Armour
 b - a +0 robe (melded)
Jewellery
 t - an amulet of the acrobat (around neck)
 v - a ring of stealth (left front leg)
Wands
 f - a wand of acid (7)
 n - a wand of iceblast (11)
 o - a wand of digging (5)
Scrolls
 e - 2 scrolls of magic mapping
 g - a scroll of teleportation
 h - a scroll of identify
 i - a scroll of blinking {unknown}
 l - 2 scrolls of amnesia {unknown}
 p - 2 scrolls of noise {unknown}
 q - a scroll of enchant weapon {unknown}
 s - a scroll of fear {unknown}
 u - a scroll of immolation {unknown}
 w - a scroll of remove curse {unknown}
Potions
 c - a potion of berserk rage
 j - a potion of heal wounds
 k - a potion of agility {unknown}
 r - 2 potions of brilliance {unknown}
Comestibles
 d - 4 rations


   Skills:
 - Level 1.0 Fighting
 * Level 2.9 Short Blades
 - Level 1.7 Dodging
 - Level 4.0 Unarmed Combat
 - Level 2.0 Spellcasting
 - Level 3.6 Transmutations
 - Level 3.6 Poison Magic


You had 5 spell levels left.
You knew the following spells:

 Your Spells              Type           Power        Failure   Level  Hunger
a - Beastly Appendage     Tmut           ##....       16%         1    ##.....
b - Spider Form           Tmut/Pois      ##........   34%         3    ####...

Your spell library contained the following spells:

 Spells                   Type           Power        Failure   Level  Hunger
 Sticks to Snakes         Tmut           ##......     22%         2    ###....
 Ice Form                 Ice/Tmut       #.......     89%         4    #####..
 Blade Hands              Tmut           ##........   94%         5    ######.


Dungeon Overview and Level Annotations

Branches:
Dungeon (4/15)
 Temple: D:4-7

Altars:
Dithmenos
Yredelemnul


Innate Abilities, Weirdness & Mutations

You cannot wear boots.
((Your serpentine skin is tough. (AC +2)))
You have supernaturally acute eyesight. (SInv)
((Armour fits poorly on your strangely shaped body.))
((Your system is resistant to poisons. (rPois)))
((You cover ground very slowly.))
You have a slow metabolism.
You can spit poison.


Message History

Wisps of poison gas drift from your hands.
You are feeling hungry.
Casting: Spider Form (safe; 16% risk of failure)
Confirm with . or Enter, or press ? or * to list all spells.
You turn into a venomous arachnid creature.
Your +2 short sword of electrocution melds into your body.
Your +0 robe melds into your body.
Your +2 short sword of electrocution stops crackling.
The orc warrior looks more energetic.
The orc warrior drinks a potion.
The orc warrior goes berserk!
Your transformation is almost over.
The phantom blinks!
Evoke which item? (* to show all) (? for menu, Esc to quit)
Aiming: Dig
Press: ? - help, Shift-Dir - straight line A rock wall.
The rock shatters into small pieces.
The phantom hits you.
* * * LOW HITPOINT WARNING * * *
The orc warrior hits you with a +0 glaive!!
You die...

# . ### . .. #. #. #.
#. ##### #.##.
#$#####...# #.#....
#....Wso..# #.....>
#####.#...###########..
#.###...oo..Wo<.....
#.# ##############..
#.# ##. #.# ## #.# .#


You could see a phantom, an orc warrior (berserk) and 2 orcs.

Vanquished Creatures
  A jelly (D:2)
  Jessica (D:3)
  A howler monkey skeleton (D:4)
  12 adders
  3 oozes
  2 worms
  A leopard gecko (D:1)
  2 orcs
  A ball python (D:3)
  6 giant cockroaches
  12 goblins
  10 hobgoblins
  10 jackals
  11 kobolds
  6 bats
  A frilled lizard (D:1)
  A leopard gecko skeleton (D:4)
  15 rats
96 creatures vanquished.

Notes
Turn   | Place    | Note
-------+----------+-------------------------------------------
     0 | D:1      | Hybris the Naga Transmuter began the quest for the Orb.
     0 | D:1      | Reached XP level 1. HP: 18/18 MP: 3/3
   171 | D:1      | Reached XP level 2. HP: 13/25 MP: 3/5
   933 | D:1      | Reached XP level 3. HP: 31/31 MP: 6/6
   967 | D:1      | Reached skill level 4 in Unarmed Combat
  1190 | D:1      | Learned a level 3 spell: Spider Form
  1484 | D:2      | Reached skill level 1 in Poison Magic
  1635 | D:2      | Reached XP level 4. HP: 35/38 MP: 5/7
  1909 | D:2      | Found a basalt altar of Yredelemnul.
  1979 | D:2      | Reached XP level 5. HP: 27/44 MP: 0/8
  2317 | D:2      | You fall into a shaft and drop 1 floor!
  2743 | D:3      | Reached skill level 1 in Short Blades
  3581 | D:3      | Reached XP level 6. HP: 31/51 MP: 7/9
  3764 | D:3      | Noticed an ice beast
  4059 | D:3      | Noticed Jessica
  4068 | D:3      | Killed Jessica
  4290 | D:4      | Found a shadowy altar of Dithmenos.
  4305 | D:4      | Noticed a phantom
  4308 | D:4      | Noticed an orc warrior
  4342 | D:4      | Demolished by an orc warrior

Levels and vault maps discovered:
D:1:      ebering_trefoil_3fold, layout_basic, minmay_rat_gold_closets
D:2:      layout_basic, yredelemnul_altar_generic
D:3:      layout_basic, minmay_cupped, uniq_jessica
D:4:      layout_loops_ring, makhleb_blood_cavern_becter,
          nicolae_overflow_crystal_walls, temple_green, first_ration,
          nicolae_dithmenos_shadow_blocks

Skill      XL: |  1  2  3  4  5 |
---------------+----------------+-----
Unarmed Combat | 4 |  4.0
Poison Magic   | 1 3 |  3.6
Transmutations | 3 |  3.6
Short Blades   | 2 |  2.9
Fighting       | |  1.0
Dodging        | |  1.7
Spellcasting   | |  2.0

Action                   |  1- 3 |  4- 6 || total
-------------------------+-------+-------++-------
Melee: Unarmed           |   127 |    87 ||   214
       Headbutt          |     5 |     6 ||    11
       Short sword       |       |    69 ||    69
 Cast: Beastly Appendage |    13 |     9 ||    22
       Spider Form       |       |     9 ||     9
 Abil: Spit Poison       |     4 |     6 ||    10
Evoke: Wand              |       |     1 ||     1
  Use: Potion            |       |     1 ||     1
       Scroll            |       |     3 ||     3
 Stab: Sleeping          |     4 |     2 ||     6
       Distracted        |       |     1 ||     1
  Eat: Chunk             |     1 |     9 ||    10
Armor: Robe              |    29 |    22 ||    51
       Skin              |       |     7 ||     7
Dodge: Dodged            |    61 |   126 ||   187
